 Seeded DCSS version 0.30.1-9-gdf580d7c3d (webtiles) character file.

Game seed: 5 (custom seed)

135 Kazon the Shooter (level 4, 0/32 HPs)
             Began as a Demonspawn Hexslinger on Oct 3, 2023.
             Was an Initiate of Makhleb.
             Slain by a black bear (2 damage)
             ... on level 4 of the Dungeon.
             The game lasted 00:17:38 (2423 turns).

Kazon the Shooter (Demonspawn Hexslinger)           Turns: 2423, Time: 00:17:38

Health: 0/32       AC:  4    Str: 10    XL:     4   Next: 96%
Magic:  15/15      EV: 12    Int: 14    God:    Makhleb [......]
Gold:   163        SH:  0    Dex: 15    Spells: 2/6 levels left

rFire   . . .        q - +2 sling "Qeuhanocyt" {speed, rElec Str-3 Dex+2}
rCold   . . .        (no shield)
rNeg    . . .        c - +0 robe
rPois   .            (helmet restricted)
rElec   +            (no cloak)
rCorr   .            d - +0 pair of gloves {infuse}
SInv    .            (no boots)
Will    .....        (no amulet)
Stlth   +            r - ring of magical power
HPRegen 0.25/turn    (no ring)
MPRegen 0.14/turn

%: infuse magic (1 MP)
@: no status effects
A: antennae 1, rugged brown scales 1
a: Renounce Religion


You were on level 4 of the Dungeon.
You worshipped Makhleb.
Makhleb was noncommittal.
You visited 2 branches of the dungeon, and saw 5 of its levels.

You collected 163 gold pieces.

Inventory:

Hand Weapons
 a - a +1 sling
 e - a +2 vampiric dagger
 f - a +0 hand axe of flaming
 q - the +2 sling "Qeuhanocyt" (weapon) {speed, rElec Str-3 Dex+2}
   (You found it on level 3 of the Dungeon)

   Str:       It affects your strength (-3).
   Dex:       It affects your dexterity (+2).
   rElec:     It insulates you from electricity.
Missiles
 j - 3 boomerangs
 o - 14 stones
 s - 5 poisoned darts
Armour
 c - a +0 robe (worn)
 d - a +0 pair of gloves of infusion (worn)
 g - a +0 tower shield
Jewellery
 r - a ring of magical power (left hand)
Wands
 A - a wand of paralysis (8)
Scrolls
 b - a scroll of poison
 h - a scroll of fog {unknown}
 k - a scroll of blinking {unknown}
 l - a scroll of teleportation
 n - a scroll of magic mapping {unknown}
 p - a scroll of summoning {unknown}
 w - 2 scrolls of identify {unknown}
 x - a scroll of amnesia {unknown}
 y - a scroll of torment {unknown}
Potions
 i - 3 potions of curing {unknown}
 m - a potion of magic {unknown}
 t - a potion of flight {unknown}
 u - a potion of berserk rage {unknown}
 v - a potion of invisibility {unknown}
 z - a potion of resistance {unknown}


   Skills:
 + Level 1.3 Fighting
 + Level 0.2 Short Blades
 + Level 3.4 Ranged Weapons
 + Level 2.4 Dodging
 + Level 1.9 Spellcasting
 + Level 3.3 Hexes
 * Level 0.2 Invocations


You had 2 spell levels left.
You knew the following spells:

 Your Spells              Type           Power      Damage    Failure   Level
a - Slow                  Hex            40%        N/A       6%          1
b - Portal Projectile     Hex/Tloc       12%        N/A       34%         3

Your spell library contained the following spells:

 Spells                   Type           Power      Damage    Failure   Level
 Inner Flame              Hex/Fire       6%         N/A       34%         3
 Cause Fear               Hex            5%         N/A       52%         4
 Frozen Ramparts          Ice            2%         1d1       58%         3
 Ice Form                 Ice/Tmut       1%         N/A       94%         4
 Summon Ice Beast         Ice/Summ       1%         N/A       94%         4


Dungeon Overview and Level Annotations

Branches:
Dungeon (4/15)             Temple (1/1) D:4

Altars:
Dithmenos
Fedhas
Gozag
Hepliaklqana
Makhleb
Okawaru
Qazlal
Wu Jian


Innate Abilities, Weirdness & Mutations

You have a pair of small antennae on your head.
You are partially covered in rugged brown scales. (AC +1, +3% HP)


Message History

The sling bullet barely misses the black bear.
Unknown command.
Fire: q) +2 sling "Qeuhanocyt" {speed, rElec Str-3 Dex+2}
Press: ? - help, Q - select action, (/) - cycle Shift-Dir - straight line, f/p - black bear
Aim: a black bear (moderately wounded, slow, 67% to hit)
You shoot a sling bullet. The sling bullet hits the black bear.
The black bear is severely wounded.
The black bear bites you! The black bear barely misses you.
The black bear claws you but does no damage.
Fire: q) +2 sling "Qeuhanocyt" {speed, rElec Str-3 Dex+2}
Press: ? - help, Q - select action, (/) - cycle Shift-Dir - straight line, f/p - black bear
Aim: a black bear (heavily wounded, slow, 67% to hit)
You shoot a sling bullet. The sling bullet hits the black bear.
The black bear is almost dead.
The black bear shakes off its lethargy.
The black bear goes berserk!
Fire: q) +2 sling "Qeuhanocyt" {speed, rElec Str-3 Dex+2}
Press: ? - help, Q - select action, (/) - cycle Shift-Dir - straight line, f/p - black bear
Aim: a black bear (severely wounded, berserk, 67% to hit)
You shoot a sling bullet.
The sling bullet barely misses the black bear.
The black bear misses you. The black bear claws you.
The black bear completely misses you.
Fire: q) +2 sling "Qeuhanocyt" {speed, rElec Str-3 Dex+2}
Press: ? - help, Q - select action, (/) - cycle Shift-Dir - straight line, f/p - black bear
Aim: a black bear (severely wounded, berserk, 67% to hit)
You shoot a sling bullet.
The sling bullet closely misses the black bear.
The black bear bites you. The black bear barely misses you.
The black bear claws you.
* * * LOW HITPOINT WARNING * * *
Fire: q) +2 sling "Qeuhanocyt" {speed, rElec Str-3 Dex+2}
Press: ? - help, Q - select action, (/) - cycle Shift-Dir - straight line, f/p - black bear
Aim: a black bear (severely wounded, berserk, 67% to hit)
You shoot a sling bullet. The sling bullet hits the black bear.
The black bear is almost dead.
The black bear bites you but does no damage.
The black bear claws you.
* * * LOW HITPOINT WARNING * * *
The black bear claws you.
You die...

#................
#.###.#.##.##.#.# #.#
#.#.##.##.#.# # #.#
#.#.##.##.#..
..###+####)#####.##.##.##.
..........##§§##.##.##.##.
..........#W.§§####.......
........h.####### #.##.#.#
#........@#.._..## .......
#####+##.........# #.#..
#.........## #....
#..#.._...##.##.#..
###########........ #R§§§#
#.##.#.. ##§§####+##....
####......#.#
#.##.........


You could see an ancestor and a black bear (berserk).

Vanquished Creatures
  4 adders
  3 worms
  6 orcs
  3 bats
  9 endoplasms
  A giant cockroach (D:1)
  12 goblins
  7 hobgoblins
  11 jackals
  3 kobolds
  6 ball pythons
  3 frilled lizards
  4 rats
72 creatures vanquished.

Notes
Turn   | Place    | Note
-------+----------+-------------------------------------------
     0 | D:1      | Kazon the Demonspawn Hexslinger began the quest for the
                  | Orb.
     0 | D:1      | Reached XP level 1. HP: 15/15 MP: 2/2
    62 | D:1      | Identified a scroll of acquirement
    62 | D:1      | Acquired a +0 pair of gloves of infusion
    95 | D:1      | Gained mutation: You have a pair of small antennae on your
                  | head. [demonic ancestry]
    95 | D:1      | Reached XP level 2. HP: 21/21 MP: 3/3
   394 | D:1      | Gained mutation: You are partially covered in rugged brown
                  | scales. (AC +1, +3% HP) [demonic ancestry]
   394 | D:1      | Reached XP level 3. HP: 14/26 MP: 0/4
  1253 | D:2      | Reached XP level 4. HP: 10/32 MP: 1/6
  1385 | D:2      | Learned a level 3 spell: Portal Projectile
  1853 | D:3      | Found a blossoming altar of Fedhas.
  2038 | D:3      | Found a stormy altar of Qazlal.
  2131 | D:3      | Found a faded altar of an unknown god.
  2224 | D:3      | Identified the +2 sling "Qeuhanocyt" {speed, rElec Str-3
                  | Dex+2}
  2267 | D:4      | Found a staircase to the Ecumenical Temple.
  2275 | Temple   | Entered the Ecumenical Temple
  2292 | Temple   | Became a worshipper of Makhleb the Destroyer
  2375 | D:4      | Noticed a black bear
  2399 | D:4      | Found a hazy altar of Hepliaklqana.
  2401 | D:4      | Found a shadowy altar of Dithmenos.
  2402 | D:4      | Noticed a shadow
  2423 | D:4      | Slain by a black bear

Illustrated notes

Levels and vault maps discovered:
D:1:      ebering_trefoil_3fold, layout_basic, st_stairs_14, serial_bayou_ford_a
D:2:      layout_basic, hangedman_decor_growths, minmay_close_crescents
D:3:      layout_rooms, mainiacjoe_overflow_concentric_impassable,
          mainiacjoe_overflow_paths, shapermc_ecumenical_altar_acropolis,
          chequers_serial_rivers_micro_b
D:4:      layout_basic, riverfiend_overflow_shadow_ancestor,
          minmay_temple_entry_glass, uniq_sigmund
Temple:   nicolae_temple_elliptical

Skill      XL: |  1  2  3  4 |
---------------+-------------+-----
Ranged Weapons | 2 3 |  3.4
Dodging        | 2 |  2.4
Fighting       | |  1.3
Short Blades   | |  0.2
Spellcasting   | |  1.9
Hexes          | |  3.3
Invocations    | |  0.2

Action                     |  1- 3 |  4- 6 || total
---------------------------+-------+-------++-------
  Melee: Dagger            |    20 |     1 ||    21
   Fire: Sling             |   123 |   128 ||   251
   Cast: Slow              |    22 |    14 ||    36
         Portal Projectile |       |     2 ||     2
    Use: Scroll            |     2 |     1 ||     3
 Armour: Robe              |    18 |    25 ||    43
  Dodge: Dodged            |    59 |    33 ||    92
